 Dungeon Crawl Stone Soup version 0.30.0-5-g1a98f26d00 (webtiles) character file.

Game seed: 12291178261091514791

695 tizbic2 the Shooter (level 7, 0/55 HPs)
             Began as a Formicid Hunter on May 11, 2023.
             Was a Believer of Wu Jian.
             Slain by an iguana (12 damage)
             ... on level 4 of the Dungeon.
             The game lasted 00:18:07 (3596 turns).

tizbic2 the Shooter (Formicid Hunter)               Turns: 3596, Time: 00:18:08

Health: 0/55       AC:  8    Str: 16    XL:     7   Next: 96%
Magic:  7/7        EV: 10    Int:  8    God:    Wu Jian [**....]
Gold:   130        SH:  0    Dex: 19    Spells: 6/6 levels left

rFire   . . .        a - +3 quarterstaff (chaos)
rCold   . . .        (no shield)
rNeg    . . .        v - +0 scale mail
rPois   .            (helmet unavailable)
rElec   .            u - +1 cloak
rCorr   .            (no gloves)
SInv    +            (no boots)
Will    .....        (no amulet)
Stlth   +            (no ring)
HPRegen 0.29/turn    (no ring)
MPRegen 0.10/turn

%: no passive effects
@: no status effects
A: permanent stasis, dig shafts and tunnels, antennae 3, four strong arms
a: Dig, Shaft Self, Renounce Religion, Wall Jump


You were on level 4 of the Dungeon.
You worshipped Wu Jian.
Wu Jian was pleased with you.
You visited 1 branch of the dungeon, and saw 5 of its levels.

You collected 205 gold pieces.
You spent 75 gold pieces at shops.

Inventory:

Hand Weapons
 a - a +3 quarterstaff of chaos (weapon)
 r - a +2 short sword of holy wrath
 t - a +2 whip of venom
 w - a +1 shortbow
 y - a +1 dagger of draining
Armour
 c - a +0 leather armour
 q - a +0 chain mail
 u - a +1 cloak (worn)
 v - a +0 scale mail (worn)
Jewellery
 h - an amulet of faith
 i - a ring of ice
Scrolls
 b - 3 scrolls of immolation
 d - 2 scrolls of fear {unknown}
 l - a scroll of magic mapping {unknown}
 m - a scroll of teleportation
 p - a scroll of summoning {unknown}
 s - a scroll of blinking {unknown}
 x - a scroll of acquirement {unknown}
 A - a scroll of identify
 B - a scroll of enchant armour {unknown}
Potions
 e - a potion of brilliance
 f - 2 potions of magic {unknown}
 g - a potion of resistance
 j - a potion of invisibility {unknown}
 k - 2 potions of lignification
 n - 2 potions of curing
 o - a potion of degeneration {unknown}
 z - a potion of cancellation {unknown}


   Skills:
 + Level 4.9 Fighting
 + Level 2.1 Staves
 * Level 7.1 Ranged Weapons
 - Level 1.7 Dodging
 - Level 1.2 Stealth
 + Level 3.7 Shields


You had 6 spell levels left.
You didn't know any spells.
Your spell library contained the following spells:

 Spells                   Type           Power      Damage    Failure   Level
 Shock                    Conj/Air       0%         1d3       86%         1
 Sting                    Tmut/Pois      0%         1d3       86%         1
 Poisonous Vapours        Pois/Air       0%         N/A       94%         2
 Inner Flame              Hex/Fire       0%         N/A       99%         3
 Airstrike                Air            0%         2d(0-16)  100%        4
 Flame Wave               Conj/Fire      0%         2d4       100%        4
 Olgreb's Toxic Radiance  Pois           0%         N/A       100%        4
 Sticky Flame             Conj/Fire      0%         2d3       100%        4
 Alistair's Intoxication  Tmut/Pois      0%         N/A       100%        5
 Borgnjor's Vile Clutch   Necr/Erth      0%         N/A       100%        5
 Eringya's Noxious Bog    Tmut/Pois      0%         N/A       100%        6
 Swiftness                Air            Unusable   N/A       N/A         3

Dungeon Overview and Level Annotations

Branches:
Dungeon (5/15)
 Temple: D:4-7

Altars:
Nemelex Xobeh
Wu Jian

Shops:
D:4 *   D:5 [


Innate Abilities, Weirdness & Mutations

You cannot be hasted, slowed, berserked, paralysed or teleported.
You can dig through walls and to a lower floor.
You have a pair of large antennae on your head. (SInv)
Your four strong arms can wield two-handed weapons with a shield.


Message History

There is nothing to wall jump against here.
You closely miss the iguana. The sleepcap barely misses you.
The iguana bites you. The orc hits you with a +0 war axe.
You hit the iguana but do no damage. The iguana barely misses you.
The sleepcap releases spores at you! The orc closely misses you.
The iguana barely misses you. The orc completely misses you.
The sleepcap releases spores at you.
You are engulfed in a cloud of soporific spores!
You fall asleep.
The sleepcap releases spores at you!
You wake up.
* * * LOW HITPOINT WARNING * * *
The iguana bites you but does no damage.
The orc hits you but does no damage.
Okay, then.
You extend your mandibles.
You dig through the rock wall.
You feel drained. The sleepcap barely misses you.
The iguana closely misses you.
You retract your mandibles.
The sleepcap attacks as you move away! The sleepcap releases spores at you.
* * * LOW HITPOINT WARNING * * *
You feel better.
The sleepcap releases spores at you but does no damage.
You hit the sleepcap but do no damage. The sleepcap releases spores at you!
* * * LOW HITPOINT WARNING * * *
You are engulfed in a cloud of soporific spores!
You fall asleep.
The sleepcap releases spores at you.
You wake up.
* * * LOW HITPOINT WARNING * * *
You are engulfed in a cloud of soporific spores!
You are unaffected.
You thump the sleepcap!
The sleepcap is devoured by a tear in reality.
Your life force feels restored.
Press: ? - help, v - describe, . - travel A rock wall.
You spin and attack the iguana.
You hit the iguana.
The iguana seems to grow stronger.
The iguana is moderately wounded.
The iguana bites you!
You die...

.......####.........###########
..........####.#.####.........#
..........#.........######.####
..........#.#..#..#........####
....#.......##.#.##...........#
....#.....#....#....######.####
..........###..#..............#
[...#.....# ##.#.##.######....#
#####.....####S#@##.# #.#.##
.............solĀ§##.# #.#.#
#####.#####..#o#.##.# #.#.# #
#.# #..#.#....# #.#.# #.#
#..#.###### #.#.# #.#
#..#.###########.#.# #####.#
#....#...........#.#
...##.######...#.###########.#
...##.............# #.#


You could see a scorpion, an iguana (strong) and 2 orcs.

Vanquished Creatures
  Sigmund (D:4)
  A scorpion (D:3)
  Crazy Yiuf (D:3)
  An iguana (D:5)
  Jessica (D:2)
  Natasha (thrice) (D:3)
  8 adders
  An ufetubus (D:5)
  A worm (D:2)
  4 dart slugs
  10 orcs
  6 ball pythons
  6 bats
  6 endoplasms
  6 giant cockroaches
  14 goblins
  6 hobgoblins
  6 kobolds
  A quokka (D:1)
  5 frilled lizards
  6 rats
94 creatures vanquished.

Vanquished Creatures (others)
  2 scorpions (D:5)
2 creatures vanquished.

Grand Total: 96 creatures vanquished

Notes
Turn   | Place    | Note
-------+----------+-------------------------------------------
     0 | D:1      | tizbic2 the Formicid Hunter began the quest for the Orb.
     0 | D:1      | Reached XP level 1. HP: 16/16 MP: 1/1
    66 | D:1      | Reached XP level 2. HP: 23/23 MP: 2/2
   330 | D:1      | Reached XP level 3. HP: 28/28 MP: 3/3
   633 | D:2      | Noticed Jessica
   634 | D:2      | Killed Jessica
   635 | D:2      | Reached skill level 5 in Ranged Weapons
   635 | D:2      | Reached XP level 4. HP: 35/35 MP: 4/4
  1042 | D:2      | Found a sparkling altar of Nemelex Xobeh.
  1214 | D:2      | Reached XP level 5. HP: 41/41 MP: 5/5
  1218 | D:2      | Found a faded altar of an unknown god.
  1228 | D:2      | Prayed at the altar of an unknown god.
  1228 | D:2      | Became a worshipper of the Wu Jian Council
  1228 | D:2      | Reached * piety under Wu Jian
  1582 | D:3      | Noticed Natasha
  1590 | D:3      | Killed Natasha
  1632 | D:3      | Reached skill level 6 in Ranged Weapons
  1632 | D:3      | Reached skill level 1 in Shields
  1632 | D:3      | Reached XP level 6. HP: 34/48 MP: 6/6
  1805 | D:3      | Found a runed translucent door.
  1806 | D:3      | Noticed Crazy Yiuf
  1814 | D:3      | Killed Crazy Yiuf
  2006 | D:3      | Noticed Natasha
  2013 | D:3      | Killed Natasha
  2075 | D:3      | Noticed Natasha
  2082 | D:3      | Killed Natasha
  2770 | D:4      | Noticed Sigmund
  2781 | D:4      | Killed Sigmund
  2781 | D:4      | Reached ** piety under Wu Jian
  2782 | D:4      | Reached skill level 1 in Staves
  2782 | D:4      | Reached XP level 7. HP: 54/55 MP: 7/7
  3230 | D:4      | Found Moduvy's General Store.
  3244 | D:4      | Bought a scroll of enchant weapon for 75 gold pieces
  3439 | D:5      | Entered Level 5 of the Dungeon
  3439 | D:5      | Found Etig's Antique Armour Emporium.
  3449 | D:5      | Reached skill level 7 in Ranged Weapons
  3596 | D:4      | Slain by an iguana

Illustrated notes

Levels and vault maps discovered:
D:1:      roderic_crop_circles_arrival_small, layout_loops_cross
D:2:      layout_loops_corners, basic_altar, ebering_ecumenical_altar_webs,
          minmay_misc_feat_encased, uniq_jessica
D:3:      layout_basic, uniq_crazy_yiuf_cottage, uniq_natasha
D:4:      layout_basic, serial_shops, shop, hangedman_abyss_or_decor_passed,
          minmay_quantized, uniq_sigmund
D:5:      layout_basic, lightli_temple_of_fire, portal_sewer_entry_b,
          serial_shops, nicolae_stop_n_shop_2,
          nicolae_concentric_dashed_squares_mild, roderic_nine_men_s_morris

Skill      XL: |  1  2  3  4  5  6  7 |
---------------+----------------------+-----
Fighting       | 3 4 |  4.9
Ranged Weapons | 5 6 7 |  7.1
Shields        | 1 3 |  3.7
Staves         | 1 2 |  2.1
Dodging        | |  1.7
Stealth        | |  1.2

Action                     |  1- 3 |  4- 6 |  7- 9 || total
---------------------------+-------+-------+-------++-------
  Melee: Whip              |       |    20 |       ||    20
         Short sword       |       |     4 |       ||     4
         Quarterstaff      |       |    19 |    15 ||    34
   Fire: Shortbow          |    43 |   100 |    35 ||   178
Ability: Lunge             |       |     2 |     1 ||     3
         Dig               |       |       |     1 ||     1
         Whirlwind         |       |       |     1 ||     1
         Wall Jump         |       |       |     1 ||     1
    Use: Scroll            |       |     5 |     1 ||     6
         Potion            |       |       |     1 ||     1
 Armour: Leather armour    |     1 |     7 |       ||     8
         Chain mail        |       |    12 |       ||    12
         Scale mail        |       |    11 |    13 ||    24
  Dodge: Dodged            |     2 |    37 |    35 ||    74
